 Dungeon Crawl Stone Soup version 0.27-a0-1302-g7736ffe575 (webtiles) character file.

Game seed: 10487103761906285840

269 Ijustatesigmund the Shield-Bearer (level 6, -1/79 HPs)
             Began as a Gnoll Fighter on June 18, 2021.
             Succumbed to a water moccasin's poison
             ... on level 5 of the Dungeon.
             The game lasted 00:02:46 (2359 turns).

Ijustatesigmund the Shield-Bearer (Gnoll Fighter)   Turns: 2359, Time: 00:02:47

Health: -1/79      AC: 11    Str: 15    XL:     6   Next: 22%
Magic:  8/8        EV:  8    Int:  8    God:
Gold:   59         SH: 10    Dex: 13    Spells: 8/8 levels left

rFire    + . .     SeeInvis .   a - +0 war axe
rCold    + . .     Faith    .   c - +0 kite shield
rNeg     . . .     Spirit   .   b - +0 scale mail
rPois    +         Reflect  .   e - +2 helmet
rElec    +         Harm     .   (no cloak)
rCorr    +         Rampage  .   (no gloves)
Will     .....                  (no boots)
Stlth    ..........             (no amulet)
HPRegen  0.23/turn              (no ring)
MPRegen  0.11/turn              (no ring)

@: berserking, lethally poisoned (-1 -> -22), resistant, very quick
A: fangs 1, strong nose, distributed training
a: no special abilities


You were on level 5 of the Dungeon.
You visited 1 branch of the dungeon, and saw 4 of its levels.

You collected 59 gold pieces.

Inventory:

Hand Weapons
 a - a +0 war axe (weapon)
Armour
 b - a +0 scale mail (worn)
 c - a +0 kite shield (worn)
 e - a +2 helmet (worn)
Jewellery
 n - a ring of ice
Wands
 j - a wand of polymorph (4)
Scrolls
 d - a scroll of identify {unknown}
 g - 2 scrolls of fear {unknown}
 k - 2 scrolls of teleportation
 l - a scroll of immolation {unknown}
Potions
 h - a potion of brilliance {unknown}
 m - a potion of lignification {unknown}


   Skills:
 + Level 6.8 Fighting
 + Level 1.8 Short Blades
 + Level 1.8 Long Blades
 + Level 4.9 Axes
 + Level 1.8 Maces & Flails
 + Level 1.8 Polearms
 + Level 1.8 Staves
 + Level 1.8 Slings
 + Level 1.8 Bows
 + Level 1.8 Crossbows
 + Level 1.8 Throwing
 + Level 6.8 Armour
 + Level 1.8 Dodging
 + Level 1.8 Stealth
 + Level 6.8 Shields
 + Level 1.8 Unarmed Combat
 + Level 1.8 Spellcasting
 + Level 1.4 Conjurations
 + Level 1.4 Hexes
 + Level 1.4 Summonings
 + Level 1.4 Necromancy
 + Level 1.4 Translocations
 + Level 1.4 Transmutations
 + Level 1.4 Fire Magic
 + Level 1.4 Ice Magic
 + Level 1.4 Air Magic
 + Level 1.4 Earth Magic
 + Level 1.4 Poison Magic
 + Level 2.0 Invocations
 + Level 1.8 Evocations


You had 8 spell levels left.
You didn't know any spells.
Your spell library was empty.

Dungeon Overview and Level Annotations

Branches:
Dungeon (3/15)

Altars:

Annotations:
D:5 Grinder


Innate Abilities, Weirdness & Mutations

You have very sharp teeth.
Your uncanny sense of smell can sniff out nearby items.
Your experience applies equally to all skills.


Message History

You closely miss the water moccasin. The water moccasin barely misses you.
The water moccasin bites you but does no damage.
You closely miss the water moccasin.
You bite the water moccasin, but do no damage.
You block the water moccasin's attack.
The water moccasin bites you but does no damage.
You hit Grinder but do no damage.
You hit the water moccasin but do no damage.
You block the water moccasin's attack. You block Grinder's attack.
The water moccasin bites you but does no damage.
Grinder gestures at you.
You suddenly lose the ability to move!
The water moccasin bites you but does no damage.
Grinder hits you.
The water moccasin bites you but does no damage. x2
Grinder hits you but does no damage. The water moccasin bites you!
Grinder gestures at you. Pain shoots through your body!
The water moccasin bites you but does no damage.
Grinder hits you but does no damage. The water moccasin bites you.
You are poisoned.
The water moccasin poisons you! The water moccasin bites you.
You are lethally poisoned!
The water moccasin poisons you! Grinder hits you.
* * * LOW HITPOINT WARNING * * *
You writhe in agony.
* * * LOW HITPOINT WARNING * * *
You can move again.
It was a potion of resistance.
You feel protected.
* * * LOW HITPOINT WARNING * * *
You feel very sick.
The water moccasin completely misses you.
Grinder hits you but does no damage.
It was a potion of berserk rage.
A red film seems to cover your vision as you go berserk!
You feel yourself moving faster!
You feel mighty!
You die...

##≈≈......≈≈##
#≈≈...##...≈≈##
≈≈....##....≈≈##
≈.....##.....≈≈##
......##......≈≈#
.....####......≈#
....## ##.....≈###
##### #####..'5###...
##### #####).@S...?#
....##
##....)≈#####...
.....####......≈#
......##......≈≈#
≈..†..##.....≈≈##
≈≈....##....≈≈##
#≈≈...##(..≈≈###
##≈≈......≈≈##.#
.##≈≈≈..≈≈≈###.######


You could see Grinder and a water moccasin.

Vanquished Creatures
  A centaur (D:5)
  A scorpion (D:5)
  A hound (D:2)
  An orc wizard (D:5)
  2 adders (D:2)
  2 worms (D:2)
  4 orcs (D:5)
  A ball python (D:2)
  8 bats
  2 endoplasms (D:1)
  2 giant cockroaches (D:2)
  2 goblins (D:1)
  4 hobgoblins
  2 kobolds
  3 quokkas
  5 frilled lizards
  7 rats
48 creatures vanquished.

Vanquished Creatures (others)
  A fungus (D:2)
  11 plants (D:2)
12 creatures vanquished.

Grand Total: 60 creatures vanquished

Notes
Turn   | Place    | Note
-------+----------+-------------------------------------------
     0 | D:1      | Ijustatesigmund the Gnoll Fighter began the quest for the
                  | Orb.
     0 | D:1      | Reached XP level 1. HP: 23/23 MP: 1/1
   180 | D:1      | Reached XP level 2. HP: 29/29 MP: 2/2
   845 | D:2      | Reached XP level 3. HP: 34/35 MP: 3/3
  1004 | D:2      | Found a faded altar of an unknown god.
  1109 | D:2      | Reached skill level 1 in Invocations
  1134 | D:2      | Reached skill level 1 in Short Blades
  1134 | D:2      | Reached skill level 1 in Long Blades
  1134 | D:2      | Reached skill level 1 in Maces & Flails
  1134 | D:2      | Reached skill level 1 in Polearms
  1134 | D:2      | Reached skill level 1 in Staves
  1134 | D:2      | Reached skill level 1 in Slings
  1134 | D:2      | Reached skill level 1 in Bows
  1134 | D:2      | Reached skill level 1 in Crossbows
  1134 | D:2      | Reached skill level 1 in Throwing
  1134 | D:2      | Reached skill level 1 in Dodging
  1134 | D:2      | Reached skill level 1 in Stealth
  1134 | D:2      | Reached skill level 1 in Unarmed Combat
  1134 | D:2      | Reached skill level 1 in Spellcasting
  1134 | D:2      | Reached skill level 1 in Evocations
  1134 | D:2      | Reached XP level 4. HP: 39/41 MP: 5/5
  1542 | D:2      | Reached skill level 1 in Conjurations
  1542 | D:2      | Reached skill level 1 in Hexes
  1542 | D:2      | Reached skill level 1 in Summonings
  1542 | D:2      | Reached skill level 1 in Necromancy
  1542 | D:2      | Reached skill level 1 in Translocations
  1542 | D:2      | Reached skill level 1 in Transmutations
  1542 | D:2      | Reached skill level 1 in Fire Magic
  1542 | D:2      | Reached skill level 1 in Ice Magic
  1542 | D:2      | Reached skill level 1 in Air Magic
  1542 | D:2      | Reached skill level 1 in Earth Magic
  1542 | D:2      | Reached skill level 1 in Poison Magic
  2070 | D:3      | You fall into a shaft and drop 2 floors!
  2070 | D:5      | Entered Level 5 of the Dungeon
  2073 | D:5      | Noticed a centaur
  2083 | D:5      | Killed a centaur
  2084 | D:5      | Reached XP level 5. HP: 32/47 MP: 5/7
  2209 | D:5      | Reached XP level 6. HP: 52/53 MP: 8/8
  2343 | D:5      | Noticed a water moccasin
  2345 | D:5      | Noticed Grinder
  2352 | D:5      | Paralysed by Grinder for 6 turns
  2358 | D:5      | HP: 2/53 [poisoned by a water moccasin]
  2359 | D:5      | Succumbed to a water moccasin's poison

Illustrated notes

Levels and vault maps discovered:
D:1:      dpeg_arrival_radiant, layout_loops_ring, st_stairs_4, grunt_decor_cap
D:2:      layout_loops_corners, shapermc_ecumenical_altar_mp_ritualfount,
          serial_aquarium, aquarium_bridge_square [aquarium_subvault_bridge,
          aquarium_subvault_wall, aquarium_subvault_balcony,
          aquarium_subvault_bridge], aquarium_bridge_square
          [aquarium_subvault_bridge, aquarium_subvault_bridge,
          aquarium_subvault_window, aquarium_subvault_window],
          aquarium_window_fake, aquarium_window_fake, aquarium_view_2d,
          aquarium_view_2b, aquarium_balcony_1b, aquarium_pool_1, st_stairs_2,
          kennysheep_generic_room_9
D:3:      layout_basic, overflow_temple_1_default, uniq_ijyb
D:5:      layout_loops_ring, kennysheep_cross_room, grunt_decor_resistance,
          uniq_grinder

Skill      XL: |  1  2  3  4  5 |
---------------+----------------+-----
Invocations    | 1 2 |  2.0
Short Blades   | 1 |  1.8
Long Blades    | 1 |  1.8
Maces & Flails | 1 |  1.8
Polearms       | 1 |  1.8
Staves         | 1 |  1.8
Slings         | 1 |  1.8
Bows           | 1 |  1.8
Crossbows      | 1 |  1.8
Throwing       | 1 |  1.8
Dodging        | 1 |  1.8
Stealth        | 1 |  1.8
Unarmed Combat | 1 |  1.8
Spellcasting   | 1 |  1.8
Evocations     | 1 |  1.8
Conjurations   | 1 |  1.4
Hexes          | 1 |  1.4
Summonings     | 1 |  1.4
Necromancy     | 1 |  1.4
Translocations | 1 |  1.4
Transmutations | 1 |  1.4
Fire Magic     | 1 |  1.4
Ice Magic      | 1 |  1.4
Air Magic      | 1 |  1.4
Earth Magic    | 1 |  1.4
Poison Magic   | 1 |  1.4
Fighting       | |  6.8
Axes           | |  4.9
Armour         | |  6.8
Shields        | |  6.8

Action                   |  1- 3 |  4- 6 || total
-------------------------+-------+-------++-------
Melee: War axe           |   105 |    62 ||   167
       Bite              |    10 |     9 ||    19
  Use: Scroll            |       |     2 ||     2
       Potion            |       |     3 ||     3
Armor: Scale mail        |    47 |    45 ||    92
Dodge: Dodged            |    33 |    18 ||    51
Block: Kite shield       |    51 |    34 ||    85

Table legend: (Time is in decaauts)
 A = Elapsed time spent in this place.
 B = Non-inter-level travel time spent in this place.
 C = Inter-level travel time spent in this place.
 D = Time resting spent in this place.
 E = Time spent auto-exploring this place.
 F = Levels seen in this place.
 G = Mean time per level.
                   A        B        C        D        E       F      G
               +--------+--------+--------+--------+--------+-----+--------+
         Total |   2435 |   2392 |     43 |      4 |   1968 |   4 |  608.8 |
       Dungeon |   2435 |   2392 |     43 |      4 |   1968 |   4 |  608.8 |
               +--------+--------+--------+--------+--------+-----+--------+

Top non-repeatable levels by time:
     D:2: 1256 daAuts
     D:1: 868 daAuts
     D:5: 299 daAuts
     D:3: 10 daAuts
